Map: Beckett Industries LE

Players

Krystianer - Winner!

  • Race: Protoss Protoss

uThermal

  • Race: Terran Terran

Event: DreamHack SC2 Masters 2021 Fall

VOD

Have the link to the VOD?

Description

Time

  • Played on: Aug. 11, 2021, 9:40 a.m.
  • Length: 12:32

All games in this series

Show
View Real Time Build Order
Export as new Build Order

Krystianer Protoss - Winner!

Build Orders: Archon Immortal, Archon Drop 

Get SALT Encoding   

  12  0:00  Probe  
  13  0:12  Probe  
  14  0:16  Pylon  
  14  0:24  Probe (Chrono Boost)  
  16  0:36  Gateway, Probe (Chrono Boost)  
  16  0:42  Probe (Chrono Boost)  
  16  0:45  Assimilator  
  17  0:50  Probe  
  18  1:02  Probe  
  19  1:15  Probe  
  20  1:23  Cybernetics Core  
  20  1:24  Zealot  
  22  1:27  Probe  
  23  1:32  Pylon  
  23  1:48  Nexus  
  23  1:51  Probe  
  24  1:59  Assimilator, Adept (Chrono Boost)  
  24  2:05  Probe  
  27  2:08  Warp Gate  
  27  2:17  Probe  
  27  2:19  Adept (Chrono Boost)  
  30  2:29  Probe  
  31  2:41  Probe  
  28  2:51  Stalker  
  28  2:56  Probe (Chrono Boost)  
  31  2:58  Twilight Council  
  31  3:01  Probe (Chrono Boost)  
  32  3:10  Probe x2 (Chrono Boost)  
  34  3:15  Probe (Chrono Boost)  
  34  3:18  Probe  
  35  3:27  Probe (Chrono Boost)  
  35  3:32  Robotics Facility  
  37  3:36  Probe (Chrono Boost)  
  37  3:38  Gateway, Probe (Chrono Boost)  
  37  3:39  Gateway  
  38  3:41  Charge  
  38  3:43  Probe x2 (Chrono Boost)  
  40  3:57  Stalker  
  40  3:59  Probe x2  
  44  4:06  Dark Shrine  
  44  4:10  Assimilator  
  44  4:11  Probe x2  
  44  4:13  Pylon  
  44  4:14  Assimilator  
  46  4:30  Warp Prism (Chrono Boost)  
  46  4:31  Stalker, Probe  
  51  4:40  Nexus  
  51  4:41  Probe  
  51  4:43  Probe  
  51  4:47  Pylon  
  51  4:48  Pylon  
  51  4:53  Probe  
  51  4:54  Observer (Chrono Boost)  
  53  5:00  Pylon  
  53  5:01  Probe  
  54  5:09  Gateway  
  54  5:12  Gateway  
  54  5:18  Dark Templar x2  
  54  5:19  Dark Templar  
  61  5:21  Probe  
  61  5:27  Gateway  
  61  5:28  Probe  
  62  5:33  Probe  
  62  5:34  Archon  
  63  5:39  Gateway  
  63  5:43  Probe  
  63  5:46  Probe  
  65  5:51  Immortal (Chrono Boost)  
  65  5:53  Dark Templar  
  65  5:56  Probe (Chrono Boost)  
  72  5:59  Archon  
  72  6:04  Gateway  
  72  6:06  Gateway  
  72  6:07  Probe (Chrono Boost)  
  72  6:10  Zealot x2  
  78  6:12  Probe (Chrono Boost)  
  78  6:16  Probe (Chrono Boost)  
  78  6:17  Probe (Chrono Boost)  
  80  6:20  Probe (Chrono Boost)  
  80  6:21  Probe (Chrono Boost)  
  80  6:24  Probe  
  83  6:27  Sentry  
  83  6:31  Probe, Immortal (Chrono Boost)  
  86  6:34  Pylon  
  86  6:38  Pylon  
  90  6:44  Blink  
  90  6:48  Probe  
  90  6:53  Stalker  
  90  6:54  Stalker  
  95  6:59  Pylon  
  95  7:00  Immortal (Chrono Boost)  
  99  7:01  Dark Templar x2  
  99  7:05  Archon  
  99  7:06  Shield Battery  
  103  7:14  Zealot  
  103  7:15  Zealot x2  
  108  7:19  Dark Templar x2  
  110  7:36  Zealot x6  
  110  7:37  Zealot  
  99  7:44  Probe  
  99  7:48  Probe  
  99  7:49  Probe  
  96  7:53  Dark Templar  
  94  8:00  Pylon  
  94  8:01  Probe  
  94  8:02  Pylon  
  93  8:13  Immortal (Chrono Boost)  
  93  8:15  Probe  
  93  8:17  Probe  
  93  8:18  Probe  
  94  8:24  Assimilator, Pylon  
  94  8:26  Assimilator  
  95  8:27  Probe  
  95  8:29  Probe  
  95  8:33  Shield Battery  
  96  8:34  Dark Templar x2  
  96  8:37  Probe  
  96  8:40  Dark Templar  
  103  8:44  Pylon  
  103  8:45  Shield Battery, Probe  
  103  8:46  Pylon  
  103  8:48  Zealot x3  
  102  8:59  Probe  
  87  9:06  Probe x2  
  87  9:10  Robotics Bay  
  87  9:14  Zealot x2  
  87  9:15  Zealot x5  
  99  9:17  Shield Battery  
  99  9:18  Archon  
  99  9:20  Probe  
  99  9:23  Forge, Pylon  
  100  9:26  Probe  
  100  9:28  Observer (Chrono Boost)  
  102  9:37  Zealot x3, Stalker  
  102  9:38  Stalker x3  
  114  9:58  Dark Templar  
  114  9:59  Dark Templar  
  112  10:03  Zealot x2  
  112  10:04  Zealot x4  
  112  10:07  Probe  
  117  10:08  Probe  
  117  10:11  Probe  
  117  10:19  Probe  
  117  10:20  Probe  
  114  10:24  Stalker  
  114  10:25  Stalker x2  
  118  10:38  Zealot x5  
  118  10:41  Assimilator, Probe x3  
  117  10:43  Assimilator  
  97  10:53  Probe x2  
  97  10:54  Probe  
  88  10:58  Zealot x5  
  82  11:11  Dark Templar x2  
  82  11:12  Zealot  
  82  11:16  Archon  
  82  11:17  Shield Battery, Colossus (Chrono Boost)  
  84  11:21  Zealot  
  84  11:22  Zealot x2  
  96  11:26  Photon Cannon  
  96  11:30  Zealot  
  96  11:32  Sentry  
  100  11:34  Pylon  
  100  11:41  Sentry  
  98  11:51  Zealot x4  
  98  11:53  Stalker  
  104  12:01  Zealot x2  
  114  12:11  Zealot x2  
  114  12:12  Zealot x3  
  110  12:22  Zealot x3  
Show
View Real Time Build Order
Export as new Build Order

uThermal Terran 

Build Orders: Reaper Expand 

Get SALT Encoding   

  12  0:00  SCV  
  13  0:12  SCV  
  14  0:17  Supply Depot  
  14  0:24  SCV  
  15  0:38  SCV  
  15  0:40  Barracks  
  16  0:43  Refinery  
  16  0:50  SCV  
  17  1:02  SCV  
  18  1:14  SCV  
  19  1:27  Reaper, Orbital Command  
  20  1:46  Command Center  
  20  1:51  Supply Depot  
  20  1:53  SCV  
  21  1:59  Marine  
  22  2:06  SCV  
  23  2:08  Factory  
  23  2:16  Marine  
  23  2:20  SCV  
  23  2:21  Bunker  
  25  2:25  Refinery  
  25  2:32  SCV  
  26  2:37  Barracks Reactor  
  27  2:44  SCV  
  26  2:56  SCV, Starport  
  27  3:00  Orbital Command  
  27  3:06  Widow Mine  
  27  3:09  SCV  
  30  3:14  Marine x2  
  32  3:21  SCV  
  33  3:28  SCV  
  33  3:29  Widow Mine  
  33  3:32  Marine x2  
  33  3:33  SCV  
  31  3:34  Medivac  
  39  3:40  SCV  
  42  3:41  Supply Depot  
  42  3:45  SCV  
  43  3:50  Marine x2  
  43  3:51  Factory Tech Lab  
  43  3:52  SCV  
  46  4:01  SCV  
  46  4:04  SCV  
  46  4:06  Supply Depot  
  46  4:08  Barracks  
  46  4:09  Marine x2  
  49  4:13  SCV  
  49  4:14  Raven  
  49  4:15  Factory Tech Lab  
  49  4:16  SCV  
  53  4:20  Barracks  
  53  4:25  SCV  
  53  4:27  Engineering Bay  
  53  4:28  Marine, SCV  
  53  4:30  Marine  
  57  4:35  Siege Tank  
  57  4:38  SCV  
  61  4:41  Supply Depot  
  61  4:44  Bunker  
  61  4:46  SCV  
  62  4:53  Refinery  
  62  4:54  Supply Depot  
  62  5:02  Marine x2  
  62  5:03  SCV x2  
  62  5:04  Terran Infantry Weapons Level 1  
  62  5:06  Refinery  
  66  5:09  Marine  
  66  5:10  Stimpack  
  67  5:14  Marine  
  67  5:15  SCV x2  
  67  5:19  Supply Depot  
  67  5:20  Marine, Starport Reactor  
  71  5:23  Marine  
  71  5:27  SCV x2  
  71  5:28  Supply Depot  
  74  5:29  Marine  
  74  5:30  Factory Reactor  
  74  5:32  Marine  
  76  5:38  Barracks  
  76  5:39  SCV  
  76  5:40  Barracks  
  76  5:42  Marine x2  
  79  5:44  Combat Shield  
  79  5:52  Marine  
  79  5:53  Marauder, Missile Turret  
  79  5:56  Medivac  
  84  5:57  Medivac  
  84  5:59  Marine  
  84  6:03  Supply Depot  
  87  6:04  Marine  
  87  6:07  Widow Mine, Missile Turret  
  87  6:08  Widow Mine  
  87  6:10  Marine  
  93  6:13  Marine, Supply Depot  
  93  6:17  Marine  
  94  6:22  Marine  
  94  6:26  Medivac  
  94  6:27  Barracks Reactor  
  94  6:28  Supply Depot, Barracks Tech Lab, Medivac  
  94  6:32  Marine, Marauder  
  101  6:36  Widow Mine x2  
  101  6:37  Marine  
  106  6:42  Supply Depot  
  106  6:44  Marine  
  107  6:48  Supply Depot  
  107  6:50  Marauder  
  107  6:52  Concussive Shells  
  107  6:53  Marine, Supply Depot  
  112  6:54  Marauder  
  112  6:57  Widow Mine  
  112  6:58  Widow Mine  
  112  7:00  Medivac  
  118  7:03  Marine  
  118  7:04  Marine  
  118  7:08  Marine  
  121  7:13  Supply Depot  
  121  7:14  Marine x2  
  124  7:19  Marine, Widow Mine  
  124  7:21  Marine  
  125  7:25  Medivac  
  125  7:28  Marine  
  125  7:29  Marine  
  115  7:38  Marine, Missile Turret  
  85  8:05  Marine  
  78  8:11  Marine  
  78  8:12  Marine  
  75  8:14  Marine  
  75  8:16  Marine  
  75  8:19  Marine  
  77  8:23  Marine  
  75  8:28  Marine  
  75  8:29  Marine  
  75  8:32  Marine  
  75  8:33  Marine  
  79  8:36  Marine  
  79  8:38  Marine  
  81  8:41  Marine  
  81  8:46  Marine  
  77  8:59  Marine  
  77  9:00  Marine x2, Marauder x2  
  77  9:01  Marine  
  75  9:04  Marauder  
  75  9:06  Widow Mine  
  78  9:17  Marine x2  
  78  9:18  Marine  
  78  9:20  Marine  
  78  9:21  Marauder  
  78  9:22  Marauder  
  86  9:25  Marine  
  86  9:28  Widow Mine  
  86  9:29  Widow Mine  
  91  9:35  Marine x2  
  93  9:38  Marine  
  93  9:39  Marine  
  93  9:42  Marauder  
  95  9:46  Marine, Marauder  
  98  9:53  Marine x2  
  98  9:56  Marine  
  98  10:04  Marauder  
  93  10:13  Marine  
  93  10:14  Marauder  
  90  10:21  Marine x2  
  90  10:22  Marine, Marauder  
  90  10:23  SCV  
  90  10:25  Marauder  
  90  10:27  SCV  
  95  10:31  Marine  
  95  10:34  Marine  
  92  10:39  Marine x3  
  85  10:43  Marauder  
  85  10:46  Marine  
  85  10:49  Marine  
  77  10:52  Marine, Widow Mine  
  67  10:59  Marine  
  67  11:00  Marine  
  67  11:01  Marine  
  59  11:04  Marauder  
  59  11:05  Marauder  
  59  11:07  Marine  
  59  11:11  Marauder  
  61  11:14  Widow Mine  
  61  11:16  Marine  
  61  11:18  Marine x2  
  64  11:24  Marine  
  67  11:26  Marauder x2  
  67  11:32  Marine  
  72  11:34  Marine  
  72  11:36  Marine  
  67  11:47  Marauder  
  67  11:52  Marine x2  

Tags
 
Add a new tag
Caveats
  • Supply blocks, unpowered buildings, or Contaminate may cause inaccurate times.
  • Supply counts are checked every 10 seconds.